 Dungeon Crawl Stone Soup version 0.31-a0-431-g88bdf31460 (webtiles) character file.

Game seed: 3393491988080156430

219296 floatRand the Gargoyle Cataclysm (level 19, -8/120 HPs)
             Began as a Gargoyle Fighter on Aug 1, 2023.
             Was a High Priest of Qazlal.
             Mangled by a war gargoyle
             ... wielding a +0 flail
             ... led by a peacekeeper
              (17 damage)
             ... on level 3 of the Vaults.
             The game lasted 00:46:09 (32314 turns).

floatRand the Gargoyle Cataclysm (GrFi)            Turns: 32314, Time: 00:46:10

Health: -8/120     AC: 47    Str: 25    XL:     19   Next: 14%
Magic:  0/34       EV:  7    Int: 12    God:    Qazlal [*****.]
Gold:   714        SH: 29    Dex:  9    Spells: 18/18 levels left

rFire   + . .        a - +8 eveningstar (vamp)
rCold   + . .        h - +2 kite shield {AC+3}
rNeg    + . .        W - +2 plate armour {Will+}
rPois   ∞            R - +1 helmet
rElec   +            (no cloak)
rCorr   +            P - +0 pair of gloves of Trumpets {rF+ Regen+ Stlth+}
SInv    .            w - +1 pair of boots {Fly}
Will    ++...        O - brooch of Shielding {Spirit SH+8} Stlth
                     U - ring of Leaves {+Blink rC+ rCorr}
HPRegen 1.20/turn    c - +4 ring of protection
MPRegen 0.24/turn

%: repel missiles, guardian spirit
@: protected from physical damage, flying, studying Shields
A: sickness immunity, AC +14, big wings, negative energy resistance 1,
electricity resistance, torment resistance 1, petrification resistance
}: 1/15 runes: serpentine
a: Renounce Religion, Evoke Blink, Upheaval, Elemental Force, Disaster Area


You were on level 3 of the Vaults.
You worshipped Qazlal.
Qazlal was extremely pleased with you.
You visited 6 branches of the dungeon, and saw 30 of its levels.
You visited 2 bazaars.
You also visited: Ossuary and Bailey.

You collected 3444 gold pieces.
You spent 2730 gold pieces at shops.

Inventory:

Hand Weapons
 a - a +8 vampiric eveningstar (weapon)
 F - a +4 antimagic demon whip
Missiles
 v - 5 throwing nets
Armour
 h - a +2 kite shield of protection (worn)
 w - a +1 pair of boots of flying (worn)
 B - +2 pearl dragon scales
 P - the +0 pair of gloves of Trumpets (worn) {rF+ Regen+ Stlth+}
   (You acquired it on level 3 of the Lair of Beasts)

   rF:        It protects you from fire.
   Regen:     It increases your rate of health regeneration.
   Stlth:     It makes you more stealthy.
 R - a +1 helmet (worn)
 W - a +2 plate armour of willpower (worn)
Jewellery
 c - a +4 ring of protection (right hand)
 H - an amulet of reflection
 O - the brooch of Shielding (around neck) {Spirit SH+8}
   (You found it on level 3 of the Lair of Beasts)

   [amulet of guardian spirit]

   It causes incoming damage to be divided between your reserves of health and
   magic.
   SH:        It affects your SH (+8).
 U - the ring of Leaves (left hand) {+Blink rC+ rCorr}
   (You found it on level 5 of the Lair of Beasts)

   [ring of protection from cold]

   rC:        It protects you from cold.
   +Blink:    It lets you blink.
   rCorr:     It protects you from acid and corrosion.
Wands
 d - a wand of mindburst (23)
 C - a wand of roots (40)
 I - a wand of paralysis (15)
 K - a wand of digging (23)
 M - a wand of flame (24)
 N - a wand of quicksilver (6)
Scrolls
 b - 2 scrolls of vulnerability
 f - 5 scrolls of enchant armour
 g - a scroll of summoning
 j - a scroll of silence
 n - 21 scrolls of teleportation
 r - 14 scrolls of identify
 t - 9 scrolls of fog
 u - 3 scrolls of amnesia
 y - 9 scrolls of blinking
 L - a scroll of revelation
 Q - a scroll of fear
 S - 2 scrolls of poison
Potions
 e - 5 potions of heal wounds
 i - 2 potions of mutation
 k - 5 potions of haste
 l - 16 potions of curing
 o - 9 potions of brilliance
 p - a potion of ambrosia
 s - 2 potions of berserk rage
 A - 4 potions of magic
 D - 8 potions of enlightenment
 E - 5 potions of might
 G - 6 potions of resistance
 T - 2 potions of cancellation
 Y - a potion of invisibility
Miscellaneous
 m - a sack of spiders
 z - a condenser vane
 J - a phial of floods


   Skills:
 + Level 13.8 Fighting
 - Level 18.0 Maces & Flails
 - Level 10.4 Armour
 + Level 13.0 Shields
 * Level 22.4 Invocations
 + Level 9.4 Evocations


You had 18 spell levels left.
You didn't know any spells.
Your spell library contained the following spells:

 Spells                   Type           Power      Damage    Failure   Level
 Apportation              Tloc           0%         N/A       99%         1
 Kiss of Death            Conj/Necr      0%         2d5       99%         1
 Necrotise                Necr           0%         1d4       99%         1
 Sandblast                Erth           0%         2d4       99%         1
 Blink                    Tloc           0%         N/A       100%        2
 Ensorcelled Hibernation  Hex/Ice        0%         N/A       100%        2
 Lesser Beckoning         Tloc           0%         N/A       100%        2
 Passwall                 Tmut/Erth      0%         N/A       100%        2
 Poisonous Vapours        Pois/Air       0%         N/A       100%        2
 Scorch                   Fire           0%         2d5       100%        2
 Static Discharge         Conj/Air       0%         2-2/arc   100%        2
 Wereblood                Tmut           0%         N/A       100%        2
 Confusing Touch          Hex            0%         N/A       100%        3
 Gell's Gravitas          Tloc           0%         N/A       100%        3
 Hailstorm                Conj/Ice       0%         3d3       100%        3
 Mephitic Cloud           Conj/Pois/Air  0%         N/A       100%        3
 Stone Arrow              Conj/Erth      0%         3d7       100%        3
 Swiftness                Air            0%         N/A       100%        3
 Teleport Other           Tloc           0%         N/A       100%        3
 Vampiric Draining        Necr           0%         2d6       100%        3
 Vhi's Electric Charge    Tloc/Air       0%         N/A       100%        3
 Airstrike                Air            0%         2d(0-16)  100%        4
 Animate Armour           Summ/Erth      0%         N/A       100%        4
 Animate Dead             Necr           0%         N/A       100%        4
 Cause Fear               Hex            0%         N/A       100%        4
 Dispel Undead            Necr           0%         3d6       100%        4
 Flame Wave               Conj/Fire      0%         2d4       100%        4
 Manifold Assault         Tloc           0%         N/A       100%        4
 Olgreb's Toxic Radiance  Pois           0%         N/A       100%        4
 Summon Ice Beast         Ice/Summ       0%         N/A       100%        4
 Summon Lightning Spire   Summ/Air       0%         N/A       100%        4
 Agony                    Necr           0%         N/A       100%        5
 Alistair's Intoxication  Tmut/Pois      0%         N/A       100%        5
 Arcjolt                  Conj/Air       0%         1d10      100%        5
 Borgnjor's Vile Clutch   Necr/Erth      0%         N/A       100%        5
 Fireball                 Conj/Fire      0%         3d3       100%        5
 Freezing Cloud           Conj/Ice/Air   0%         6-21      100%        5
 Summon Mana Viper        Hex/Summ       0%         N/A       100%        5
 Conjure Ball Lightning   Conj/Air       0%         3x3d6     100%        6
 Death Channel            Necr           0%         N/A       100%        6
 Plasma Beam              Fire/Air       0%         2x1d10    100%        6
 Simulacrum               Ice/Necr       0%         N/A       100%        6
 Summon Cactus Giant      Summ           0%         N/A       100%        6
 Malign Gateway           Summ/Tloc      0%         N/A       100%        7
 Monstrous Menagerie      Summ           0%         N/A       100%        7
 Summon Hydra             Summ           0%         N/A       100%        7
 Discord                  Hex            0%         N/A       100%        8
 Disjunction              Tloc           0%         N/A       100%        8
 Ignition                 Fire           0%         3d3       100%        8
 Lehudib's Crystal Spear  Conj/Erth      0%         10d2      100%        8
 Summon Horrible Things   Summ           0%         N/A       100%        8
 Dragon's Call            Summ           0%         N/A       100%        9
 Sublimation of Blood     Necr           Unusable   N/A       N/A         2

Dungeon Overview and Level Annotations

Branches:
Dungeon (15/15)            Temple (1/1) D:6            Lair (5/5) D:8
 Shoals (0/4) Lair:3        Snake (4/4) Lair:2        Slime (0/5) Lair:5
    Orc (2/2) D:11            Elf (0/3) Orc:2        Vaults (3/5) D:13
  Crypt (0/3) Vaults:2     Depths (0/4) D:15        Ossuary (visited)
 Bailey (visited)

Altars:
Ashenzari
Cheibriados
Dithmenos
Elyvilon
Fedhas
Gozag
Hepliaklqana
Kikubaaqudgha
Makhleb
Nemelex Xobeh
Okawaru
Qazlal
Ru
Sif Muna
Trog
Uskayaw
Vehumet
Wu Jian
Xom
Yredelemnul
Zin
The Shining One
Jiyva

Shops:
D:1 :   D:9 *   Orc:2 :!*[*=   Snake:1 [   Vaults:1 ?   Vaults:2 [

Portals:
Abyss: Lair:4
Trove: Vaults:2 (give +7 demon trident)

Annotations:
D:3 1 runed translucent door, floatRand's ghost, amateur DrSh
Lair:1 exclusion: 3 oklob plants


Innate Abilities, Weirdness & Mutations

You are immune to sickness and miasma.
Your stone body is resilient. (AC +14)
You are immune to poison.
Your large and strong wings let you fly.
You resist negative energy. (rN+)
You are resistant to electric shocks. (rElec)
You are resistant to unholy torment.
You are immune to petrification.


Message History

You feel protected from physical attacks.
You hit the peacekeeper but do no damage.
The peacekeeper completely misses you. You block the peacekeeper's attack.
The war gargoyle hits you but does no damage.
You block the war gargoyle's attack.
You puncture the peacekeeper!
The peacekeeper is moderately damaged.
You block the peacekeeper's attack.
The peacekeeper claws you but does no damage.
You block the war gargoyle's attack.
The war gargoyle hits you with a +0 flail!
The peacekeeper bites you but does no damage.
The peacekeeper claws you!
You feel more protected from physical attacks.
You impale the peacekeeper!!
The peacekeeper is almost destroyed.
The war gargoyle launches metal splinters at you.
The spray of metal splinters hits you!!
The war gargoyle is engulfed in freezing vapours.
You block the war gargoyle's attack. You block the peacekeeper's attack. x2
You block the war gargoyle's attack.
You are too injured to fight recklessly!
Unknown command.
You are too injured to fight recklessly!
You are too injured to fight recklessly!
The peacekeeper attacks as you move away!
You block the peacekeeper's attack.
The peacekeeper claws you but does no damage.
The war gargoyle attacks as you move away!
The war gargoyle hits you with a +0 lajatang!!
* * * LOW HITPOINT WARNING * * *
The war gargoyle attacks as you move away!
The war gargoyle hits you with a +0 flail!!
* * * LOW HITPOINT WARNING * * *
You feel more protected from physical attacks.
An ironbound convoker comes into view. It is wielding a +0 dire flail.
The ironbound convoker shouts!
The war gargoyle is engulfed in freezing vapours.
The war gargoyle hits you with a +0 flail!!
You die...

#######p##
#......:.#
#..?.....#
#........#
#........#
#.☼......#
#...°.°..#
#...@9§○.#
#...99○..#
#...°°.○.#
#..§.§...#
#........#
#........#
#........#
##########


You could see 2 war gargoyles, an ironbound convoker and a peacekeeper.

Vanquished Creatures
  Mara (Snake:3)
  Jorgrun (Orc:2)
  A lich (Vaults:2)
  3 sphinxes (Vaults:2)
  Kirke (D:15)
  5 nagarajas (Snake:4)
  7 vault wardens
  2 orc warlords
  4 ironbound preservers
  The ghost of Flippered the Markskobold, a journeyman KoHu of Hepliaklqana (Orc:1)
  4 ironbound thunderhulks
  Azrael (Snake:3)
  The ghost of Okey the Cleaver, a journeyman DDFi of Okawaru (Lair:4)
  9 dire elephants
  An ettin (Vaults:1)
  Josephine (D:15)
  A fire dragon (Lair:5)
  An entropy weaver (Vaults:1)
  A yaktaur captain (Vaults:2)
  12 vault guards
  2 great orbs of eyes
  4 salamander tyrants
  7 ironbound frosthearts
  4 hydras
  An ogre mage (D:15)
  6 anacondas
  2 rakshasas (Lair:4)
  14 centaur warriors
  2 two-headed ogres
  2 boulder beetles
  5 death yaks
  15 naga warriors
  Urug (Orc:2)
  12 shock serpents
  6 orc high priests
  9 naga sharpshooters
  2 skysharks
  Sonja (Lair:1)
  4 skeletal warriors
  A salamander mystic (Snake:4)
  A sea snake (Snake:2)
  3 naga ritualists
  4 deep trolls (Vaults:2)
  A glowing orange brain (Vaults:1)
  An obsidian statue (Vaults:1)
  9 ironbound convokers
  A tengu zombie (Vaults:1)
  2 wizards
  4 lindwurms
  7 orc knights
  A necromancer (Vaults:1)
  7 mana vipers
  2 deep elf pyromancers
  A shining eye (shapeshifter) (D:15)
  28 ugly things
  5 orc sorcerers (Orc:2)
  A salamander (shapeshifter) (D:14)
  5 cyclopes
  A worldbinder (Lair:4)
  5 oklob plants
  A shadow dragon skeleton (Vaults:1)
  2 manticores
  A rust devil (Lair:4)
  7 vault sentinels
  A human skeleton (Vaults:1)
  Joseph (D:9)
  15 salamanders
  34 black mambas
  16 elephants
  16 naga magi
  2 molten gargoyles (Lair:5)
  3 guardian serpents
  11 cane toads
  8 komodo dragons
  2 kobold demonologists
  6 rime drakes
  An unseen horror (D:12)
  21 yaktaurs
  A tengu conjurer (D:13)
  An efreet (D:14)
  7 trolls
  A meliai (shapeshifter) (D:15)
  2 polar bears
  2 hornets
  8 blink frogs
  A snapping turtle (Lair:3)
  24 slime creatures
  A shadow (D:11)
  7 wraiths
  A vampire (D:12)
  A spriggan (Lair:4)
  5 wyverns
  47 yaks
  5 basilisks
  A hog (D:15)
  A basilisk (shapeshifter) (D:13)
  3 fire elementals (Snake:3)
  6 steam dragons
  10 vampire mosquitoes
  A neqoxec (Lair:4)
  3 wargs
  An acid dragon (D:10)
  40 nagas
  9 water moccasins
  6 hell hounds
  2 black bears
  5 ice beasts
  2 sky beasts (D:8)
  35 orc warriors
  A black bear (shapeshifter) (Lair:4)
  10 ogres
  19 wolves
  13 centaurs
  A phantom (D:4)
  7 kobold brigands
  6 bullfrogs
  7 scorpions
  2 elf zombies (Ossuary)
  3 gnoll sergeants
  8 wights
  A human simulacrum (Vaults:1)
  6 killer bees (D:8)
  2 electric eels
  5 lava snakes (Lair:5)
  8 hounds
  A human zombie (Ossuary)
  17 orc priests
  2 gnoll boudas
  A jelly (D:6)
  2 sleepcaps
  Ijyb (D:4)
  28 orc wizards
  3 iguanas
  14 hell rats
  A hound zombie (Ossuary)
  5 mummies
  24 gnolls
  2 adders
  A shadow imp (D:6)
  A white imp (D:7)
  4 ufetubi
  6 worms
  A dart slug (D:2)
  71 orcs
  10 bats
  14 endoplasms
  4 giant cockroaches
  14 goblins
  10 hobgoblins
  12 jackals (D:1)
  32 kobolds
  7 quokkas
  6 ball pythons
  3 frilled lizards
  2 gnoll zombies (Ossuary)
  2 goblin zombies
  2 jackal zombies (Ossuary)
  2 kobold zombies
  An orc zombie (Ossuary)
  6 rats
  A rat zombie (Ossuary)
1046 creatures vanquished.

Vanquished Creatures (collateral kills)
  An ironbound preserver (Vaults:1)
  A vault guard (Vaults:1)
  2 yaktaurs
4 creatures vanquished.

Vanquished Creatures (others)
  An ironbound convoker (Vaults:2)
  An ogre (D:15)
  An orc (Orc:1)
3 creatures vanquished.

Grand Total: 1053 creatures vanquished

Notes
Turn   | Place    | Note
-------+----------+-------------------------------------------
     0 | D:1      | floatRand the Gargoyle Fighter began the quest for the Orb.
     0 | D:1      | Reached XP level 1. HP: 14/14 MP: 1/1
    78 | D:1      | Reached XP level 2. HP: 15/19 MP: 2/2
   326 | D:1      | Reached XP level 3. HP: 23/23 MP: 3/3
   826 | D:1      | Found Rudear's Book Shop.
   957 | D:2      | Identified the +0 spear of Blind Justice {venom, rCorr
                  | Int+2}
  1028 | D:2      | Reached XP level 4. HP: 18/28 MP: 4/4
  1750 | D:3      | Identified the +3 buckler of Defence {-Cast rElec rPois
                  | Dex-2}
  1841 | D:3      | Identified the +1 pair of gloves "Ycvel" {Str+2}
  1858 | D:3      | Found a shimmering blue altar of Sif Muna.
  1921 | D:3      | Reached skill level 5 in Maces & Flails
  1926 | D:3      | Found a runed translucent door.
  1926 | D:3      | Noticed a bullfrog
  1971 | D:3      | Reached XP level 5. HP: 32/32 MP: 5/5
  2624 | D:3      | Noticed floatRand's ghost (amateur DrSh)
  2829 | D:4      | Found a broken altar of Ashenzari.
  2829 | D:4      | Noticed Ijyb
  2839 | D:4      | Killed Ijyb
  3002 | D:4      | Found a white marble altar of Elyvilon.
  3034 | D:4      | Noticed a phantom
  3035 | D:4      | Noticed a black bear
  3051 | D:4      | Killed a phantom
  3052 | D:4      | Reached XP level 6. HP: 27/38 MP: 6/6
  3069 | D:4      | Killed a black bear
  3411 | D:4      | Reached XP level 7. HP: 34/43 MP: 7/7
  3589 | D:5      | Entered Level 5 of the Dungeon
  3725 | D:5      | Found an ornate altar of the Wu Jian Council.
  3743 | D:5      | You fall into a shaft and drop 2 floors!
  3869 | D:7      | Found a sand-covered staircase.
  3873 | D:7      | Reached skill level 5 in Armour
  3940 | Ossuary  | Entered an ossuary
  3946 | Ossuary  | Reached skill level 5 in Fighting
  3962 | Ossuary  | Reached skill level 5 in Shields
  3966 | Ossuary  | Reached XP level 8. HP: 46/49 MP: 8/8
  4770 | D:6      | Found a staircase to the Ecumenical Temple.
  4783 | Temple   | Entered the Ecumenical Temple
  4807 | Temple   | Became a worshipper of Qazlal Stormbringer
  4945 | D:6      | Reached skill level 1 in Invocations
  4945 | D:6      | Reached XP level 9. HP: 55/55 MP: 9/9
  5079 | D:6      | Found a glowing golden altar of the Shining One.
  5081 | D:6      | Noticed an angel
  5135 | D:6      | Reached skill level 2 in Invocations
  5221 | D:6      | Reached skill level 3 in Invocations
  5518 | D:6      | Found a basalt altar of Yredelemnul.
  5520 | D:6      | Noticed a profane servitor
  5808 | D:6      | Reached * piety under Qazlal
  5842 | D:5      | Reached skill level 4 in Invocations
  6286 | D:5      | Found a hazy altar of Hepliaklqana.
  6521 | D:7      | Reached skill level 5 in Invocations
  6591 | D:7      | Reached skill level 6 in Invocations
  6708 | D:7      | Reached XP level 10. HP: 60/60 MP: 14/14
  6755 | D:7      | Found a hide-covered altar of Uskayaw.
  6848 | D:7      | Found a bloodstained altar of Trog.
  6856 | D:7      | Found an ancient bone altar of Kikubaaqudgha.
  6875 | D:7      | Found a radiant altar of Vehumet.
  6875 | D:7      | Found an iron altar of Okawaru.
  7596 | D:8      | Reached skill level 7 in Invocations
  7605 | D:8      | Reached skill level 10 in Maces & Flails
  7707 | D:8      | Reached ** piety under Qazlal
  7862 | D:8      | Found a flagged portal.
  7911 | D:8      | Reached skill level 8 in Invocations
  7968 | Bailey   | Entered a bailey
  8132 | Bailey   | Reached *** piety under Qazlal
  8467 | D:8      | Found a staircase to the Lair.
  8739 | D:9      | Noticed a two-headed ogre
  8748 | D:9      | Killed a two-headed ogre
  8749 | D:9      | Reached skill level 9 in Invocations
  8880 | D:9      | Noticed Joseph
  8906 | D:9      | Killed Joseph
  8907 | D:9      | Reached XP level 11. HP: 57/64 MP: 16/18
  9012 | D:9      | Found Nagral's General Store.
  9250 | D:9      | Found a shimmering altar of Xom.
  9477 | D:9      | Reached skill level 10 in Invocations
  9708 | D:10     | Entered Level 10 of the Dungeon
  9879 | D:10     | Found a blossoming altar of Fedhas.
 10425 | Lair:1   | Entered Level 1 of the Lair of Beasts
 10666 | Lair:1   | Reached **** piety under Qazlal
 10734 | Lair:1   | Noticed Sonja
 10742 | Lair:1   | Killed Sonja
 10764 | Lair:1   | Reached skill level 11 in Invocations
 11309 | Lair:1   | Reached XP level 12. HP: 70/70 MP: 20/20
 11315 | Lair:1   | Reached skill level 12 in Invocations
 11487 | Lair:1   | Paralysed by a floating eye for 3 turns
 11511 | Lair:1   | Paralysed by a floating eye for 4 turns
 12749 | Lair:2   | Noticed a skyshark
 12750 | Lair:2   | Found a staircase to the Snake Pit.
 12766 | Lair:2   | Killed a skyshark
 12928 | Lair:2   | Reached skill level 13 in Invocations
 13496 | Lair:3   | Noticed a six-headed hydra
 13898 | Lair:2   | Reached ***** piety under Qazlal
 13947 | Lair:3   | Noticed a five-headed hydra
 13953 | Lair:3   | Killed a five-headed hydra
 13954 | Lair:3   | Reached skill level 14 in Invocations
 13980 | Lair:2   | Reached XP level 13. HP: 44/74 MP: 23/23
 14094 | Lair:3   | Reached skill level 15 in Maces & Flails
 14210 | Lair:3   | Found the brooch of Shielding {Spirit SH+8}
 14533 | Lair:3   | Reached skill level 15 in Invocations
 14881 | Lair:3   | Identified a scroll of acquirement
 14882 | Lair:3   | Acquired the +0 pair of gloves of Trumpets {rF+ Regen+
                  | Stlth+}
 14988 | Lair:3   | Found a staircase to the Shoals.
 15641 | Lair:4   | Noticed a rakshasa
 15642 | Lair:4   | Noticed a rakshasa
 15643 | Lair:4   | Noticed Okey's ghost (journeyman DDFi)
 15653 | Lair:4   | Found a transporter.
 15661 | Lair:4   | Found a transporter.
 16119 | Lair:4   | Found a one-way gate to the infinite horrors of the Abyss.
 16468 | Lair:5   | Entered Level 5 of the Lair of Beasts
 16577 | Lair:5   | Found a staircase to the Slime Pits.
 16789 | Lair:5   | Identified the ring of Leaves {+Blink rC+ rCorr}
 16806 | Lair:5   | Reached skill level 16 in Invocations
 16823 | Lair:5   | Gained mutation: Your large and strong wings let you fly.
                  | [Gargoyle growth]
 16823 | Lair:5   | Reached XP level 14. HP: 66/80 MP: 16/26
 17279 | Lair:5   | Found a large runed translucent door.
 17285 | Lair:5   | Found a large runed translucent door.
 17655 | Lair:5   | Found a viscous altar of Jiyva.
 17987 | Lair:4   | Killed Okey's ghost
 18629 | D:11     | Found a staircase to the Orcish Mines.
 19248 | D:12     | Reached skill level 17 in Invocations
 19318 | D:12     | Reached ****** piety under Qazlal
 20085 | D:13     | Reached XP level 15. HP: 72/88 MP: 15/27
 20140 | D:13     | Found a gate to the Vaults.
 21096 | D:14     | Reached skill level 1 in Evocations
 21453 | D:15     | Entered Level 15 of the Dungeon
 21483 | D:15     | Reached skill level 18 in Invocations
 21485 | D:15     | Noticed Josephine
 21603 | D:15     | Killed Josephine
 21792 | D:15     | Found a glowing golden altar of the Shining One.
 21976 | D:15     | Noticed Kirke
 21986 | D:15     | Killed Kirke
 22020 | D:15     | Found a staircase to the Depths.
 22174 | Orc:1    | Entered Level 1 of the Orcish Mines
 22177 | Orc:1    | Noticed an orc warlord
 22206 | Orc:1    | Killed an orc warlord
 22373 | Orc:1    | Found a burning altar of Makhleb.
 22699 | Orc:1    | Found a runed translucent door.
 22699 | Orc:1    | Noticed Flippered's ghost (journeyman KoHu)
 22730 | Orc:1    | Reached XP level 16. HP: 96/96 MP: 29/29
 22953 | Orc:1    | Killed Flippered's ghost
 23050 | Orc:2    | Entered Level 2 of the Orcish Mines
 23050 | Orc:2    | Found a flickering gateway to a bazaar.
 23092 | Bazaar   | Entered a bazaar
 23093 | Bazaar   | Found Kautodd's Antique Armour Boutique.
 23093 | Bazaar   | Found Ohyniem's Antique Armour Shop.
 23094 | Bazaar   | Found Vycann's Weapon Emporium.
 23103 | Bazaar   | Found Sugen's Armour Emporium.
 23112 | Bazaar   | Bought a +0 morningstar of holy wrath for 110 gold pieces
 23145 | Bazaar   | Bought a dazzling chain mail for 323 gold pieces
 23145 | Bazaar   | Identified the +1 chain mail of Lurol {rC++ rCorr Str-3
                  | Int-3 Stlth+} (You bought it in a shop in a bazaar)
 23234 | Orc:2    | Noticed Jorgrun
 23248 | Orc:2    | Killed Jorgrun
 23249 | Orc:2    | Noticed Urug
 23268 | Orc:2    | Killed Urug
 23328 | Orc:2    | Found Lixew's Assorted Antiques.
 23447 | Orc:2    | Found a staircase to the Elven Halls.
 23574 | Orc:2    | Reached skill level 10 in Fighting
 23712 | Orc:2    | Found Vamut's Armour Shop.
 23712 | Orc:2    | Found Fidiuqiq's Assorted Antiques.
 23713 | Orc:2    | Found Wikkeidgh's Distillery.
 23713 | Orc:2    | Found Ariytick's Book Shoppe.
 23724 | Orc:2    | Bought a potion of berserk rage for 50 gold pieces
 23754 | Orc:2    | Bought a dazzling whip for 195 gold pieces
 23754 | Orc:2    | Identified the +1 whip of the Eternal Warrior {elec, Int+5
                  | Stlth+} (You bought it in a shop on level 2 of the Orcish
                  | Mines)
 23759 | Orc:2    | Bought a scroll of teleportation for 78 gold pieces
 23769 | Orc:2    | Bought a potion of heal wounds for 50 gold pieces
 23769 | Orc:2    | Bought a potion of curing for 30 gold pieces
 23769 | Orc:2    | Bought a potion of haste for 100 gold pieces
 23769 | Orc:2    | Bought a potion of resistance for 100 gold pieces
 23769 | Orc:2    | Bought a potion of magic for 80 gold pieces
 23769 | Orc:2    | Bought a potion of might for 40 gold pieces
 23771 | Orc:2    | Bought the +0 kite shield "Jiwys" {Int+5} for 330 gold
                  | pieces
 23851 | Orc:2    | Found Loiff's Jewellery Shop.
 24019 | Orc:2    | Reached skill level 10 in Armour
 24404 | Snake:1  | Entered Level 1 of the Snake Pit
 24409 | Snake:1  | Reached skill level 10 in Shields
 24537 | Snake:1  | Reached skill level 19 in Invocations
 24649 | Snake:1  | Reached skill level 5 in Evocations
 24675 | Snake:1  | Found Alluibb's Armour Emporium.
 24887 | Snake:1  | You are sucked into a shaft and drop 1 floor!
 26351 | Snake:2  | Reached XP level 17. HP: 104/104 MP: 30/30
 27108 | Snake:3  | Noticed Mara
 27125 | Snake:3  | Noticed floatRand's illusion
 27133 | Snake:3  | Killed Mara
 27871 | Snake:3  | Noticed Azrael
 27893 | Snake:3  | Killed Azrael
 27959 | Snake:4  | Entered Level 4 of the Snake Pit
 27986 | Snake:4  | Reached skill level 20 in Invocations
 28721 | Snake:4  | Got a serpentine rune of Zot
 29269 | Vaults:1 | Entered Level 1 of the Vaults
 29331 | Vaults:1 | Reached skill level 21 in Invocations
 29331 | Vaults:1 | Reached XP level 18. HP: 110/112 MP: 26/32
 29693 | Vaults:1 | Found a gateway to a bazaar.
 29713 | Bazaar   | Entered a bazaar
 29713 | Bazaar   | Found Husocin's Weapon Shoppe.
 29713 | Bazaar   | Found Geurut's Magic Scroll Emporium.
 29715 | Bazaar   | Found Reesits's Assorted Antiques.
 29729 | Bazaar   | Bought a scroll of acquirement for 468 gold pieces
 29731 | Bazaar   | Found Dotu's Magic Scroll Shoppe.
 29739 | Bazaar   | Bought a scroll of blinking for 105 gold pieces
 29739 | Bazaar   | Bought a scroll of brand weapon for 133 gold pieces
 29739 | Bazaar   | Bought a scroll of fog for 56 gold pieces
 29739 | Bazaar   | Bought a scroll of enchant armour for 105 gold pieces
 29739 | Bazaar   | Bought a scroll of enchant armour for 105 gold pieces
 29749 | Bazaar   | Bought a scroll of blinking for 67 gold pieces
 29749 | Bazaar   | Bought a scroll of fear for 36 gold pieces
 29749 | Bazaar   | Bought a scroll of blinking for 67 gold pieces
 29749 | Bazaar   | Bought a scroll of teleportation for 27 gold pieces
 29753 | Bazaar   | Bought a scroll of teleportation for 75 gold pieces
 29764 | Vaults:1 | Acquired a manual of Shields
 30262 | Vaults:1 | Found Buesch's Magic Scroll Emporium.
 30460 | Vaults:1 | Paralysed by a great orb of eyes for 4 turns
 31005 | Vaults:2 | Paralysed by a sphinx for 2 turns
 31045 | Vaults:2 | Reached skill level 22 in Invocations
 31051 | Vaults:2 | Noticed a lich
 31055 | Vaults:2 | Killed a lich
 31216 | Vaults:2 | Found a staircase to the Crypt.
 31216 | Vaults:2 | Found Aklabrao's Armour Shoppe.
 31241 | Vaults:2 | Identified the +1 hat "Lywuoroa" {*Slow Str+5 Stlth+}
 31349 | Vaults:2 | Reached XP level 19. HP: 93/120 MP: 18/34
 31808 | Vaults:2 | Found a portal to a secret trove of treasure.
 32314 | Vaults:3 | Mangled by a war gargoyle

Illustrated notes

Levels and vault maps discovered:
D:1:      roderic_dead_forest, layout_loops_cross, serial_shops,
          nicolae_shop_trees, minmay_misc_feat_chi, hex_medium,
          minmay_tetromino_t2
D:2:      layout_basic, minivault_5
D:3:      layout_basic, overflow_temple_1_default, ebering_ghost_sewer_d,
          kennysheep_nondescript, minmay_cupped
D:4:      layout_rooms, elyvilon_altar_3, mainiacjoe_overflow_alcove_4,
          st_stairs_9, uniq_ijyb
D:5:      layout_basic, lemuel_round_altar, nicolae_hepliaklqana_hippocampus,
          gup_sewer_entry_bowl
D:6:      cheibrodos_fertilizer, layout_basic, grunt_temple_overflow_holy_war,
          minmay_temple_entry_waves
D:7:      layout_basic, nicolae_uskayaw_suspiria, overflow_temple_1_default,
          gammafunk_temple_overflow_forgotten, nicolae_ossuary_entry_giza,
          kennysheep_generic_room_16
D:8:      layout_loops_ring, hellmonk_lair_entry_icy, enter_bailey_2,
          minivault_21
D:9:      layout_loops_ring, mainiacjoe_overflow_cross_hatched, serial_shops,
          nicolae_shop_tiny_glass, uniq_joseph
D:10:     layout_roguey, marbit_many_paths
D:11:     layout_big_octagon, hiddenorc1_lemuel, minivault_19,
          kennysheep_cluttered_room
D:12:     layout_roguey
D:13:     layout_roguey, erik_vaults_2, nicolae_houndstooth_variations
D:14:     layout_cave_pools, minivault_25_ag, roderic_serpentine_path
D:15:     hangedman_depths_entry_try_elsewhere_first, layout_rooms, tso_altar,
          uniq_josephine, uniq_kirke
Temple:   hellmonk_temple_of_storms
Lair:1:   layout_layer_cave, disabler_island, uniq_sonja
Lair:2:   layout_regular_city, guppyfry_snake_entry_island
Lair:3:   layout_roguey, minmay_shoals_entry_hut,
          chequers_serial_rivers_micro_e, guppyfry_lair_drakes
Lair:4:   layout_cave_pods, gammafunk_ghost_abyssal_escape
Lair:5:   cheibrodos_lair_end_hotspot, layout_gridlike,
          minmay_slime_entry_oklob_open, serial_rivers,
          chequers_serial_rivers_room_a, chequers_serial_rivers_small_3,
          chequers_serial_rivers_micro_e, chequers_serial_rivers_room_b,
          chequers_serial_rivers_room_b
Snake:1:  layout_layer_cave, serial_shops, shop, special_room
Snake:2:  layout_chambers, grunt_megastairs_1, serial_bayou_shore_a
Snake:3:  layout_grid_maze, grunt_ministairs_6, serial_bayou_pond_e,
          grunt_megastairs_3, uniq_mara, uniq_azrael
Snake:4:  minmay_snake_end_coiled, layout_cave_town
Orc:1:    layout_caves, basic_altar, ebering_ghost_reflecting_pool
Orc:2:    st_orc_elflike, layout_diamond_mine, serial_shops, bzr_entry_lakeside,
          shop, nicolae_shop_advertising_works [nicolae_subvault_shop_adworks],
          uniq_urug, uniq_jorgrun
Vaults:1: v_misc_5, nicolae_vaults_closet_pinwheel_1,
          nicolae_vaults_storage_room_statues, nicolae_vaults_storage_closets_1,
          nicolae_vaults_tetromino_L_2, ontoclasm_vaults_hangar,
          nicolae_vaults_ellipses_ellipsis, v_misc_30,
          vaults_room_mumra_shop_pool, v_pattern_1,
          nicolae_vaults_little_squares_6, grunt_vaults_bifocal,
          vaults_dpeg_ring, layout_vaults_omnicross, serial_shops, statue_bzr
Vaults:2: vaults_room_fours, nicolae_vaults_network_periphery,
          nicolae_vaults_big_angled_halls, grunt_vaults_diagonal,
          nicolae_vaults_closet_pinwheel_6, nicolae_vaults_little_ls,
          vaults_standard_mumra_enter_the_diamond, nicolae_vaults_tetromino_Z_2,
          nicolae_vaults_taking_the_gang_shopping,
          nicolae_vaults_closet_pinwheel_4, layout_vaults_big_room,
          minmay_crypt_entry_nasty_monster, nicolae_trove_entry_columns
Vaults:3: nicolae_vaults_wrenched, nicolae_vaults_little_squares_3,
          hangedman_vaults_slice, nicolae_vaults_circle_grid_b,
          vaults_room_guarded_vault, nicolae_vaults_cornered_office,
          nicolae_vaults_closet_pinwheel_1, ontoclasm_vaults_twist, v_misc_11,
          layout_vaults_maze_bifur, serial_shops, shop

Skill      XL: |  1  2  3  4  5  6  7  8  9 10 11 12 13 14 15 16 17 18 19 |
---------------+----------------------------------------------------------+-----
Maces & Flails | 3 4 5 6 7 9 11 13 14 16 17 18 | 18.0
Fighting       | 4 5 6 8 9 10 12 13 | 13.8
Armour         | 4 5 6 8 9 10 | 10.4
Shields        | 4 5 6 8 9 10 12 13 | 13.0
Invocations    | 1 6 9 11 14 16 17 18 19 21 22 | 22.4
Evocations     | 3 5 7 9 |  9.4

Action                     |  1- 3 |  4- 6 |  7- 9 | 10-12 | 13-15 | 16-18 | 19-21 || total
---------------------------+-------+-------+-------+-------+-------+-------+-------++-------
  Melee: Flail             |   162 |    51 |   370 |   685 |  1107 |       |       ||  2375
         Spear             |     3 |   140 |       |       |       |       |       ||   143
         Morningstar       |       |       |    40 |       |       |       |       ||    40
         Eveningstar       |       |       |       |       |   327 |  1330 |    57 ||  1714
         Demon whip        |       |       |       |       |       |    32 |       ||    32
 Invoke: Upheaval          |       |       |       |     1 |     6 |    10 |       ||    17
         Disaster Area     |       |       |       |       |     1 |     5 |       ||     6
         Elemental Force   |       |       |       |       |       |     2 |       ||     2
  Evoke: Wand              |       |       |       |     6 |       |       |       ||     6
    Use: Potion            |       |     2 |       |       |       |     2 |       ||     4
         Scroll            |       |       |     5 |    20 |    10 |     4 |     2 ||    41
   Stab: Paralysed         |       |       |       |     1 |       |     1 |       ||     2
 Armour: Scale mail        |   139 |     5 |       |       |       |       |       ||   144
         Plate armour      |       |   132 |   345 |   111 |   210 |   418 |    65 ||  1281
         Pearl dragon scal |       |       |       |   262 |   306 |       |       ||   568
  Dodge: Dodged            |    95 |    49 |   158 |   212 |   217 |   128 |    11 ||   870
         Repelled          |       |       |       |       |     9 |    22 |     1 ||    32
  Block: Buckler           |    41 |    26 |   126 |   293 |  1244 |   155 |       ||  1885
         Kite shield       |       |       |       |       |       |  1347 |   101 ||  1448

Table legend: (Time is in decaauts)
 A = Elapsed time spent in this place.
 B = Non-inter-level travel time spent in this place.
 C = Inter-level travel time spent in this place.
 D = Time resting spent in this place.
 E = Time spent auto-exploring this place.
 F = Levels seen in this place.
 G = Mean time per level.
                   A        B        C        D        E       F      G
               +--------+--------+--------+--------+--------+-----+--------+
         Total |  31583 |  30198 |   1385 |   3434 |  18109 |  34 |  928.9 |
       Dungeon |  13855 |  13138 |    717 |   1556 |   7857 |  15 |  923.7 |
        Temple |     73 |     73 |      0 |     29 |      0 |   1 |   73.0 |
          Lair |   7603 |   7204 |    399 |   1390 |   3973 |   5 | 1520.6 |
     Snake Pit |   4520 |   4409 |    111 |     63 |   3199 |   4 | 1130.0 |
  Orcish Mines |   1952 |   1880 |     72 |    218 |   1176 |   2 |  976.0 |
        Vaults |   2873 |   2789 |     84 |    125 |   1872 |   3 |  957.7 |
        Bazaar |    145 |    145 |      0 |      0 |      0 |   2 |   72.5 |
       Ossuary |    186 |    186 |      0 |      0 |      0 |   1 |  186.0 |
        Bailey |    372 |    372 |      0 |     53 |     32 |   1 |  372.0 |
               +--------+--------+--------+--------+--------+-----+--------+

Top non-repeatable levels by time:
  Lair:2: 1869 daAuts
  Lair:1: 1640 daAuts
Vaults:1: 1554 daAuts
     D:6: 1554 daAuts
  Lair:4: 1486 daAuts
  Lair:3: 1391 daAuts
     D:7: 1314 daAuts
Vaults:2: 1313 daAuts
 Snake:2: 1258 daAuts
  Lair:5: 1215 daAuts
 Snake:1: 1153 daAuts
     D:8: 1136 daAuts
 Snake:3: 1124 daAuts
   Orc:2: 1079 daAuts
     D:4: 1005 daAuts
